 Dungeon Crawl Stone Soup version 0.30.0-29-ga12c61a403 (webtiles) character file.

Game seed: 10501478756760209778

89 Bnni the Digger (level 4, 0/33 HPs)
             Began as a Formicid Earth Elementalist on June 3, 2023.
             Slain by a gnoll
             ... wielding a +0 spear
              (4 damage)
             ... on level 3 of the Dungeon.
             The game lasted 00:02:05 (1895 turns).

Bnni the Digger (Formicid Earth Elementalist)       Turns: 1895, Time: 00:02:06

Health: 0/33       AC:  6    Str: 13    XL:     4   Next: 84%
Magic:  6/8        EV:  9    Int: 16    God:
Gold:   84         SH:  0    Dex: 14    Spells: 2/8 levels left

rFire   . . .        h - +2 hand axe (venom)
rCold   . . .        (no shield)
rNeg    . . .        a - +0 robe
rPois   .            (helmet unavailable)
rElec   .            (no cloak)
rCorr   .            (no gloves)
SInv    +            (no boots)
Will    .....        (no amulet)
Stlth   ++           o - +4 ring of protection
HPRegen 0.25/turn    (no ring)
MPRegen 0.11/turn

%: no passive effects
@: constricted, studying Hexes
A: permanent stasis, dig shafts and tunnels, antennae 3, four strong arms
a: Dig, Shaft Self


You were on level 3 of the Dungeon.
You visited 1 branch of the dungeon, and saw 3 of its levels.

You collected 84 gold pieces.

Inventory:

Hand Weapons
 h - a +2 hand axe of venom (weapon)
Missiles
 l - 4 atropa-tipped darts
 q - 4 poisoned darts
Armour
 a - a +0 robe (worn)
 e - a +0 scale mail
Jewellery
 o - a +4 ring of protection (left hand)
Scrolls
 d - 2 scrolls of poison {unknown}
 g - 2 scrolls of magic mapping {unknown}
 j - a scroll of blinking {unknown}
 k - 2 scrolls of identify {unknown}
 n - a scroll of teleportation {unknown}
 r - a scroll of fog {unknown}
Potions
 b - a potion of magic
 c - a potion of curing {unknown}
 f - a potion of resistance {unknown}
 i - a potion of haste {unknown}
 m - 2 potions of heal wounds {unknown}
 p - a potion of lignification {unknown}


   Skills:
 + Level 1.7 Fighting
 - Level 1.7 Dodging
 - Level 2.4 Stealth
 + Level 2.9 Spellcasting
 + Level 2.2 Transmutations
 * Level 4.8 Earth Magic


You had 2 spell levels left.
You knew the following spells:

 Your Spells              Type           Power      Damage    Failure   Level
a - Sandblast             Erth           34%        2d9       2%          1
b - Passwall              Tmut/Erth      10%        N/A       7%          2
c - Stone Arrow           Conj/Erth      20%        3d8       22%         3

Your spell library contained the following spells:

 Spells                   Type           Power      Damage    Failure   Level
 Petrify                  Tmut/Erth      13%        N/A       41%         4
 Tukima's Dance           Hex            2%         N/A       50%         3
 Passage of Golubria      Tloc           2%         N/A       88%         4
 Yara's Violent Unravell  Hex/Tmut       2%         3d3       97%         5


Dungeon Overview and Level Annotations

Branches:
Dungeon (3/15)

Altars:

Shops:
D:2 *


Innate Abilities, Weirdness & Mutations

You cannot be hasted, slowed, berserked, paralysed or teleported.
You can dig through walls and to a lower floor.
You have a pair of large antennae on your head. (SInv)
Your four strong arms can wield two-handed weapons with a shield.


Message History

An orc comes into view. It is wielding a +0 hand axe.
The gnoll hits you with a +0 flail. The jackal closely misses you.
The orc shouts!
You hit the gnoll but do no damage.
The gnoll looks as sick as possible!
The gnoll is lightly wounded.
You hit the gnoll.
The gnoll is poisoned.
You hit the jackal but do no damage.
The jackal is poisoned.
You hit the kobold.
The kobold is poisoned.
You kill the kobold!
The gnoll closely misses you. The jackal completely misses you.
The gnoll closely misses you. The gnoll hits you but does no damage.
The ball python barely misses you. x2; The gnoll closely misses you.
The jackal barely misses you.
The gnoll hits you from afar with a +0 spear!
The gnoll closely misses you.
Aiming: Sandblast (safe; 2% risk of failure)
Press: ? - help, Q - select action, (/) - cycle Shift-Dir - straight line, f - gnoll
Aim: a gnoll, wielding a +0 club (heavily wounded, extremely poisoned, 84% to hit)
The blast of sand hits the gnoll!
You kill the gnoll!
The jackal bites you.
The ball python bites you but does no damage.
The ball python grabs you. The ball python constricts you.
The gnoll hits you from afar with a +0 spear!
* * * LOW HITPOINT WARNING * * *
The jackal bites you but does no damage.
The ball python barely misses you. The ball python constricts you.
Okay, then.
Aiming: Sandblast (safe; 2% risk of failure)
Press: ? - help, Q - select action, (/) - cycle Shift-Dir - straight line, f - gnoll
Aim: a gnoll, wielding a +0 flail (heavily wounded, very poisoned, 84% to hit)
The blast of sand hits the gnoll.
The gnoll is severely wounded.
The jackal closely misses you. The gnoll hits you with a +0 flail.
* * * LOW HITPOINT WARNING * * *
The gnoll closely misses you. The ball python bites you.
* * * LOW HITPOINT WARNING * * *
The ball python constricts you.
The jackal bites you but does no damage.
The gnoll hits you from afar with a +0 spear.
You die...

....##...##.#
....$.#.....#
............#
............# .
#...........##..
#....g..........
#...o..h).......
#.....g@<.:.....
>.....S..#.(....
..........?.....
.########.....(.
....... ##.....
#.... #..


You could see 2 gnolls, an orc, a jackal (very poisoned) and a ball python.

Vanquished Creatures
  3 adders (D:2)
  A gnoll (D:3)
  A worm (D:2)
  3 dart slugs
  3 ball pythons
  6 bats
  An endoplasm (D:2)
  3 giant cockroaches (D:2)
  A goblin (D:2)
  6 jackals
  3 quokkas
  5 frilled lizards
  5 kobolds
  3 rats
44 creatures vanquished.

Notes
Turn   | Place    | Note
-------+----------+-------------------------------------------
     0 | D:1      | Bnni the Formicid Earth Elementalist began the quest for
                  | the Orb.
     0 | D:1      | Reached XP level 1. HP: 13/13 MP: 3/3
   203 | D:1      | Reached XP level 2. HP: 20/20 MP: 3/5
   208 | D:1      | Learned a level 2 spell: Passwall
   666 | D:1      | Reached skill level 4 in Earth Magic
  1353 | D:2      | Reached skill level 1 in Fighting
  1379 | D:2      | Reached XP level 3. HP: 26/26 MP: 6/6
  1389 | D:2      | Learned a level 3 spell: Stone Arrow
  1676 | D:2      | Found Laxkaxir's Assorted Antiques.
  1683 | D:2      | Reached XP level 4. HP: 19/32 MP: 6/8
  1895 | D:3      | Slain by a gnoll

Illustrated notes

Levels and vault maps discovered:
D:1:      wheals_arrival_linesprint, layout_basic, grunt_decor_cap,
          wander_ebering_terrifying_dragon_lair
D:2:      layout_basic, serial_shops, nicolae_shop_tiny_glass
D:3:      layout_rooms, shapermc_ecumenical_altar_mp_highgroup, kennysheep_boxes

Skill      XL: |  1  2  3 |
---------------+----------+-----
Earth Magic    | 4 |  4.8
Fighting       | 1 |  1.7
Transmutations | 2 |  2.2
Dodging        | |  1.7
Stealth        | |  2.4
Spellcasting   | |  2.9

Action                     |  1- 3 |  4- 6 || total
---------------------------+-------+-------++-------
  Melee: Hand axe          |    43 |    16 ||    59
         Punch             |     1 |     1 ||     2
   Cast: Sandblast         |    20 |     3 ||    23
   Stab: Sleeping          |       |     1 ||     1
 Armour: Robe              |    18 |    13 ||    31
  Dodge: Dodged            |    42 |    36 ||    78
